BLB
DENVER BULLS @ MAINE GUIDES
06/07/2060
 
TOP OF THE 1ST
Denver Bulls batting - Pitching for Maine Guides : RHP Dave Hunt
Pitching: RHP Dave Hunt
Batting: RHB Dalton Brown 0-0: Reached on error, E4 (Groundball, 4S, EV 88.1 MPH)
Batting: LHB Johnathan Wang 0-0: Called Strike
0-1: Foul Ball, location: 2F
0-2: Strikes out swinging
Batting: RHB Latif Won 0-0: Ball
1-0: SINGLE (Groundball, 56S, EV 73.8 MPH) (infield hit)
Dalton Brown to third
Batting: LHB Stuart Beale 0-0: Swinging Strike
0-1: Ball
1-1: Called Strike
1-2: Ball
2-2: Ball
3-2: Strikes out swinging
Batting: RHB Kyle Bruns 0-0: Called Strike
0-1: Ball
1-1: Swinging Strike
1-2: Ball
2-2: Strikes out looking
Top of the 1st over - 0 runs, 1 hit, 1 error, 2 left on base; Denver 0 - Maine 0
BOTTOM OF THE 1ST
Maine Guides batting - Pitching for Denver Bulls : LHP Jayden Heim
Pitching: LHP Jayden Heim
Batting: RHB Nathan Bennett 0-0: Foul Ball, location: 2F
0-1: Foul Ball, location: 2F
0-2: Strikes out swinging
Batting: RHB Sean Brown 0-0: SINGLE (Groundball, 6MD, EV 96.2 MPH)
Batting: RHB Jarrett Shaneyfelt 0-0: Called Strike
0-1: Ball
1-1: Swinging Strike
1-2: Ball
2-2: Strikes out swinging
Batting: RHB Julian Irwin 0-0: Ball
1-0: Fly out, F5 (Flyball, 5D, EV 85.6 MPH)
Bottom of the 1st over - 0 runs, 1 hit, 0 errors, 1 left on base; Denver 0 - Maine 0
TOP OF THE 2ND
Denver Bulls batting - Pitching for Maine Guides : RHP Dave Hunt
Batting: LHB Ollie Snelgrove 0-0: Called Strike
0-1: Ball
1-1: Swinging Strike
1-2: Strikes out looking
Batting: LHB Mandela Faruq 0-0: Ball
1-0: Ball
2-0: Ball
3-0: Called Strike
3-1: Fly out, F8 (Flyball, 89D, EV 89.4 MPH)
Batting: SHB T.J. Carter 0-0: Called Strike
0-1: Called Strike
0-2: Strikes out swinging
Top of the 2nd over - 0 runs, 0 hits, 0 errors, 0 left on base; Denver 0 - Maine 0
BOTTOM OF THE 2ND
Maine Guides batting - Pitching for Denver Bulls : LHP Jayden Heim
Batting: SHB Desmond Moynihan 0-0: Called Strike
0-1: Ball
1-1: Ball
2-1: SINGLE (Groundball, 34D, EV 101.9 MPH)
Batting: RHB Brad Pendolino 0-0: Swinging Strike
0-1: Swinging Strike
0-2: Strikes out swinging
Batting: RHB Martin Moorman 0-0: Hit by Pitch
Desmond Moynihan to second
Batting: RHB Byron Bentley 0-0: Ball
1-0: Fly out, F7 (Flyball, 78S, EV 83.8 MPH)
Batting: RHB Jaret Foley 0-0: SINGLE (Line Drive, 78M, EV 103.8 MPH)
Desmond Moynihan to third
Martin Moorman to second
Runner from 3rd tries for Home, SAFE, throw by CF to home
Batting: RHB Nathan Bennett 0-0: Foul Ball, location: 2F
0-1: Ball
1-1: Foul Ball, location: 2F
1-2: Hit by Pitch
Martin Moorman to third
Jaret Foley to second
Batting: RHB Sean Brown 0-0: Called Strike
0-1: Ball
1-1: Ball
2-1: Called Strike
2-2: Ball
3-2: SINGLE (Groundball, 3D, EV 98.8 MPH)
Martin Moorman scores
Jaret Foley to third
Nathan Bennett to second
Jaret Foley scores
Nathan Bennett to third
Batting: RHB Jarrett Shaneyfelt 0-0: Foul Ball, location: 2F
0-1: Ball
1-1: Called Strike
1-2: Ball
2-2: Foul Ball, location: 2F
2-2: Foul Ball, location: 2F
2-2: Foul Ball, location: 2F
2-2: Fielders Choice at 2nd, 5-4 (Groundball, 56, EV 81.9 MPH)
Bottom of the 2nd over - 3 runs, 3 hits, 0 errors, 2 left on base; Denver 0 - Maine 3
TOP OF THE 3RD
Denver Bulls batting - Pitching for Maine Guides : RHP Dave Hunt
Batting: RHB Liam Gill 0-0: Ball
1-0: SINGLE (Groundball, 25, EV 67.5 MPH) (infield hit)
Batting: RHB Dalton Brown 0-0: Foul Ball, location: 2F
0-1: Ball
1-1: Ball
2-1: Called Strike
2-2: Ball
3-2: Strikes out swinging
Batting: LHB Johnathan Wang 0-0: Ball
1-0: Ball
2-0: Called Strike
2-1: Foul Ball, location: 2F
2-2: Strikes out looking
Liam Gill is caught stealing 2nd base 2-6
Batter strikes out.
Top of the 3rd over - 0 runs, 1 hit, 0 errors, 0 left on base; Denver 0 - Maine 3
BOTTOM OF THE 3RD
Maine Guides batting - Pitching for Denver Bulls : LHP Jayden Heim
Batting: RHB Julian Irwin 0-0: Ball
1-0: Ball
2-0: Fly out, F8 (Flyball, 78D, EV 94.4 MPH)
Batting: SHB Desmond Moynihan 0-0: Ball
1-0: Called Strike
1-1: Called Strike
1-2: Fly out, F8 (Flyball, 8LD, EV 98.1 MPH)
Batting: RHB Brad Pendolino 0-0: Foul Ball, location: 2F
0-1: Foul Ball, location: 2F
0-2: Foul Ball, location: 2F
0-2: Foul Ball, location: 2F
0-2: Ball
1-2: Strikes out looking
Bottom of the 3rd over - 0 runs, 0 hits, 0 errors, 0 left on base; Denver 0 - Maine 3
TOP OF THE 4TH
Denver Bulls batting - Pitching for Maine Guides : RHP Dave Hunt
Batting: RHB Latif Won 0-0: Ball
1-0: Ball
2-0: Ball
3-0: Base on Balls
Batting: LHB Stuart Beale 0-0: Fly out, F7 (Line Drive, 78S, EV 95.0 MPH)
Batting: RHB Kyle Bruns 0-0: Ball
1-0: Swinging Strike
1-1: Foul Ball, location: 2F
1-2: Strikes out looking
Batting: LHB Ollie Snelgrove 0-0: Ball
1-0: Foul Ball, location: 2F
1-1: Called Strike
1-2: Strikes out swinging
Top of the 4th over - 0 runs, 0 hits, 0 errors, 1 left on base; Denver 0 - Maine 3
BOTTOM OF THE 4TH
Maine Guides batting - Pitching for Denver Bulls : LHP Jayden Heim
Batting: RHB Martin Moorman 0-0: Ball
1-0: DOUBLE (Line Drive, 9LM, EV 113.1 MPH)
Batting: RHB Byron Bentley 0-0: Fly out, F7 (Flyball, 7, EV 86.2 MPH)
Batting: RHB Jaret Foley 0-0: Ball
1-0: Ball
2-0: SINGLE (Groundball, 56D, EV 111.2 MPH)
Martin Moorman to third
Runner from 3rd tries for Home, SAFE, throw by LF to home
Batting: RHB Nathan Bennett 0-0: Ball
1-0: SINGLE (Line Drive, 4D, EV 93.8 MPH)
Jaret Foley to second
Runner from 2nd tries for 3rd, SAFE, no throw by CF
Batting: RHB Sean Brown 0-0: Foul Ball, location: 2F
0-1: Ball
1-1: Swinging Strike
1-2: SINGLE (Line Drive, 8RS, EV 108.1 MPH)
Jaret Foley scores
Nathan Bennett to second
Pitching: RHP Rickie Guerreiro
Batting: RHB Jarrett Shaneyfelt 0-0: Ball
1-0: Ball
2-0: Ball
3-0: Base on Balls
Nathan Bennett to third
Sean Brown to second
Batting: RHB Julian Irwin 0-0: Called Strike
0-1: Foul Ball, location: 2F
0-2: Foul Ball, location: 2F
0-2: Ball
1-2: Ball
2-2: Fielders Choice at 2nd, 6-4 (Groundball, 6MD, EV 103.8 MPH)
Nathan Bennett scores
Sean Brown to third
Batting: SHB Desmond Moynihan 0-0: Ball
1-0: Ball
2-0: Ball
3-0: Base on Balls
Julian Irwin to second
Batting: RHB Brad Pendolino 0-0: Ball
1-0: Foul Ball, location: 2F
1-1: Foul Ball, location: 2F
1-2: Fly out, F8 (Flyball, 8RXD, EV 83.8 MPH)
Bottom of the 4th over - 3 runs, 4 hits, 0 errors, 3 left on base; Denver 0 - Maine 6
TOP OF THE 5TH
Denver Bulls batting - Pitching for Maine Guides : RHP Dave Hunt
Batting: LHB Mandela Faruq 0-0: Ball
1-0: Called Strike
1-1: Ball
2-1: Swinging Strike
2-2: Ball
3-2: Ground out U3 (Groundball, 3, EV 100.0 MPH)
Batting: SHB T.J. Carter 0-0: Called Strike
0-1: Swinging Strike
0-2: Strikes out looking
Batting: RHB Liam Gill 0-0: Ball
1-0: Ball
2-0: Foul Ball, location: 2F
2-1: Foul Ball, location: 2F
2-2: Foul Ball, location: 2F
2-2: Foul Ball, location: 2F
2-2: Ball
3-2: Base on Balls
Batting: RHB Dalton Brown 0-0: Ball
Liam Gill steals 2nd base
1-0: Foul Ball, location: 2F
1-1: Foul Ball, location: 2F
1-2: Ground out 4-3 (Groundball, 4M, EV 107.5 MPH)
Top of the 5th over - 0 runs, 0 hits, 0 errors, 1 left on base; Denver 0 - Maine 6
BOTTOM OF THE 5TH
Maine Guides batting - Pitching for Denver Bulls : RHP Rickie Guerreiro
Batting: RHB Martin Moorman 0-0: Called Strike
0-1: Swinging Strike
0-2: DOUBLE (Line Drive, 3D, EV 102.5 MPH)
Batting: RHB Byron Bentley 0-0: Ball
1-0: Ball
2-0: Called Strike
2-1: Foul Ball, location: 2F
2-2: Ground out 2-3 (Groundball, 15S, EV 68.1 MPH)
Martin Moorman to third
Batting: RHB Jaret Foley 0-0: Swinging Strike
0-1: Ball
1-1: Called Strike
1-2: Ball
2-2: Foul Ball, location: 2F
2-2: Foul Ball, location: 2F
2-2: Strikes out looking
Batting: RHB Nathan Bennett 0-0: Ball
1-0: Ball
2-0: DOUBLE (Flyball, 89D, EV 101.9 MPH)
Martin Moorman scores
Batting: RHB Sean Brown 0-0: Ball
1-0: Ball
2-0: Ball
3-0: Foul Ball, location: 2F
3-1: Fly out, F7 (Flyball, 78M, EV 77.5 MPH)
Bottom of the 5th over - 1 run, 2 hits, 0 errors, 1 left on base; Denver 0 - Maine 7
TOP OF THE 6TH
Denver Bulls batting - Pitching for Maine Guides : RHP Dave Hunt
Batting: LHB Johnathan Wang 0-0: Called Strike
0-1: Foul Ball, location: 2F
0-2: Fly out, F5 (Popup, 56S, EV 68.1 MPH)
Batting: RHB Latif Won 0-0: Swinging Strike
0-1: Ball
1-1: Foul Ball, location: 2F
1-2: Foul Ball, location: 2F
1-2: Ball
2-2: Ball
3-2: Foul Ball, location: 2F
3-2: Strikes out looking
Batting: LHB Stuart Beale 0-0: Foul Ball, location: 2F
0-1: Ball
1-1: Ball
2-1: Swinging Strike
2-2: Ball
3-2: Foul Ball, location: 2F
3-2: Strikes out swinging
Top of the 6th over - 0 runs, 0 hits, 0 errors, 0 left on base; Denver 0 - Maine 7
BOTTOM OF THE 6TH
Maine Guides batting - Pitching for Denver Bulls : RHP Rickie Guerreiro
Pitching: RHP Regis Jacobo
Batting: RHB Jarrett Shaneyfelt 0-0: Called Strike
0-1: Ball
1-1: Foul Ball, location: 2F
1-2: Foul Ball, location: 2F
1-2: Ball
2-2: Foul Ball, location: 2F
2-2: Strikes out swinging
Batting: RHB Julian Irwin 0-0: SINGLE (Groundball, 34D, EV 97.5 MPH)
Batting: SHB Desmond Moynihan 0-0: Ball
1-0: Ball
2-0: Called Strike
2-1: Swinging Strike
2-2: Strikes out swinging
Batting: RHB Brad Pendolino 0-0: Called Strike
0-1: Ball
1-1: DOUBLE (Line Drive, 9LM, EV 91.9 MPH)
Julian Irwin to third
Batting: RHB Martin Moorman 0-0: Ball
1-0: Ground out 6-3 (Groundball, 6, EV 78.1 MPH)
Bottom of the 6th over - 0 runs, 2 hits, 0 errors, 2 left on base; Denver 0 - Maine 7
TOP OF THE 7TH
Denver Bulls batting - Pitching for Maine Guides : RHP Dave Hunt
Batting: RHB Kyle Bruns 0-0: Ball
1-0: Foul Ball, location: 2F
1-1: Called Strike
1-2: Ground out 5-3 (Groundball, 56, EV 85.6 MPH)
Batting: LHB Ollie Snelgrove 0-0: Ball
1-0: Ball
2-0: Called Strike
2-1: Ball
3-1: Foul Ball, location: 2F
3-2: Foul Ball, location: 2F
3-2: Foul Ball, location: 2F
3-2: Fly out, F8 (Flyball, 8LD, EV 108.8 MPH)
Batting: LHB Mandela Faruq 0-0: Ball
1-0: Ball
2-0: Called Strike
2-1: SINGLE (Line Drive, 8RS, EV 105.0 MPH)
Pitching: LHP Buddy Moore
Batting: SHB T.J. Carter 0-0: Ball
1-0: Ball
2-0: Ball
3-0: Called Strike
3-1: Fly out, F8 (Flyball, 8RD, EV 101.2 MPH)
Top of the 7th over - 0 runs, 1 hit, 0 errors, 1 left on base; Denver 0 - Maine 7
BOTTOM OF THE 7TH
Maine Guides batting - Pitching for Denver Bulls : RHP Regis Jacobo
Batting: RHB Byron Bentley 0-0: Called Strike
0-1: Foul Ball, location: 2F
0-2: Ball
1-2: Fly out, F7 (Flyball, 7, EV 81.2 MPH)
Batting: RHB Jaret Foley 0-0: Foul Ball, location: 2F
0-1: Swinging Strike
0-2: Ball
1-2: Ball
2-2: Strikes out swinging
Batting: RHB Nathan Bennett 0-0: Called Strike
0-1: Ball
1-1: SINGLE (Flyball, 8LS, EV 93.8 MPH)
Batting: RHB Sean Brown 0-0: Swinging Strike
0-1: Ball
1-1: Foul Ball, location: 2F
1-2: Ball
2-2: Foul Ball, location: 2F
2-2: Foul Ball, location: 2F
2-2: Strikes out looking
Bottom of the 7th over - 0 runs, 1 hit, 0 errors, 1 left on base; Denver 0 - Maine 7
TOP OF THE 8TH
Denver Bulls batting - Pitching for Maine Guides : LHP Buddy Moore
Batting: RHB Liam Gill 0-0: Ball
1-0: Ball
2-0: Ball
3-0: Called Strike
3-1: SINGLE (Line Drive, 8LS, EV 95.0 MPH)
Batting: RHB Dalton Brown 0-0: Called Strike
0-1: Ball
1-1: Foul Ball, location: 2F
1-2: Ball
2-2: Foul Ball, location: 2F
2-2: Strikes out swinging
Batting: LHB Johnathan Wang 0-0: Called Strike
0-1: Fielders Choice at 2nd, 4-6 (Groundball, 4, EV 81.9 MPH)
Batting: RHB Latif Won 0-0: Called Strike
0-1: Ball
1-1: Swinging Strike
1-2: Ball
2-2: Ball
3-2: Strikes out swinging, 2-3 out at first.
Top of the 8th over - 0 runs, 1 hit, 0 errors, 1 left on base; Denver 0 - Maine 7
BOTTOM OF THE 8TH
Maine Guides batting - Pitching for Denver Bulls : RHP Regis Jacobo
Pitching: RHP Bradly Renne
Batting: RHB Jarrett Shaneyfelt 0-0: Called Strike
0-1: Ground out 4-3 (Groundball, 4, EV 109.4 MPH)
Pinch Hitting: RHB Derek Rosado 0-0: Ball
1-0: Ground out 6-3 (Groundball, 6, EV 108.1 MPH)
Batting: SHB Desmond Moynihan 0-0: Swinging Strike
0-1: Swinging Strike
0-2: Ball
1-2: Fly out, F9 (Flyball, 9LD, EV 106.9 MPH)
Bottom of the 8th over - 0 runs, 0 hits, 0 errors, 0 left on base; Denver 0 - Maine 7
TOP OF THE 9TH
Denver Bulls batting - Pitching for Maine Guides : LHP Buddy Moore
Now at 3B: Derek Rosado
Batting: LHB Stuart Beale 0-0: Called Strike
0-1: Ball
1-1: Called Strike
1-2: Ball
2-2: Strikes out looking
Batting: RHB Kyle Bruns 0-0: Called Strike
0-1: Ball
1-1: Foul Ball, location: 2F
1-2: Strikes out swinging
Batting: LHB Ollie Snelgrove 0-0: Ball
1-0: Ball
2-0: Ball
3-0: Base on Balls
Batting: LHB Mandela Faruq 0-0: Ball
1-0: Ground out 4-3 (Groundball, 4, EV 82.5 MPH)
Top of the 9th over - 0 runs, 0 hits, 0 errors, 1 left on base; Denver 0 - Maine 7
Tuesday, May 7th , 2024 - OOTP Baseball 23.10 Build 110